Map: Fort-Levant EC

Players

Caltin

  • Race: Zerg Zerg
  • League: Diamond
  • Spawn Location: 1:00

IIIIIIIIIIII - Winner!

  • Race: Protoss Protoss
  • League: Diamond
  • Spawn Location: 7:00

VOD

Have the link to the VOD?

Description

Time

  • Played on: April 22, 2018, 5:47 a.m.
  • Length: 12:19
Show
View Real Time Build Order
Export as new Build Order

Caltin Zerg 

Build Orders: Pool First, Zergling Baneling 

Get SALT Encoding   

  12  0:00  Drone  
  13  0:12  Overlord  
  13  0:18  Drone  
  14  0:31  Drone x2  
  14  0:35  Drone  
  17  0:59  Spawning Pool  
  17  1:00  Drone x2, Extractor  
  17  1:15  Overlord  
  17  1:18  Drone  
  18  1:40  Drone  
  18  1:45  Queen  
  18  1:46  Zergling x2  
  21  1:55  Zergling x2  
  23  2:01  Zergling x2  
  23  2:11  Zergling x2  
  24  2:25  Zergling x2  
  25  3:02  Zergling x6  
  25  3:03  Zergling x4  
  30  3:06  Metabolic Boost  
  30  3:07  Overlord  
  30  3:11  Hatchery  
  29  3:17  Drone  
  30  3:24  Queen  
  31  3:34  Baneling Nest  
  31  3:36  Drone x2  
  31  3:38  Drone x2  
  34  3:49  Drone  
  34  3:54  Overlord  
  35  3:59  Hatchery  
  33  4:28  Baneling x6  
  33  4:29  Baneling x2  
  33  4:30  Zergling x8  
  37  4:34  Overlord  
  37  4:40  Zergling x2  
  37  4:41  Zergling x6  
  33  5:04  Drone  
  33  5:05  Drone x3  
  37  5:11  Queen  
  40  5:14  Drone x5  
  40  5:15  Drone  
  45  5:24  Drone x2  
  47  5:31  Lair  
  47  5:34  Extractor  
  46  5:36  Drone  
  46  5:37  Drone x2  
  49  5:52  Spore Crawler  
  49  5:55  Drone x3, Spore Crawler  
  50  5:59  Spore Crawler  
  49  6:06  Drone x2  
  49  6:07  Drone  
  49  6:08  Roach Warren  
  49  6:10  Drone x3  
  54  6:13  Overlord  
  54  6:19  Zergling x2  
  54  6:20  Zergling x4  
  57  6:32  Spore Crawler  
  56  6:34  Infestation Pit  
  55  6:40  Queen  
  56  6:49  Spore Crawler  
  51  7:05  Spore Crawler  
  51  7:07  Zergling x2  
  51  7:08  Zergling x2  
  51  7:09  Zergling x12  
  57  7:21  Queen, Hydralisk Den, Spore Crawler  
  57  7:28  Spore Crawler  
  56  7:30  Baneling  
  56  7:31  Baneling x10  
  55  7:43  Overlord x3  
  48  8:01  Queen  
  48  8:02  Hatchery, Hydralisk x3  
  41  8:49  Drone x3  
  41  8:50  Drone x4  
  45  8:58  Hydralisk x5  
  45  8:59  Hydralisk  
  57  9:16  Hydralisk x2, Spore Crawler  
  51  9:46  Hatchery  
  50  9:54  Drone x5  
  50  9:58  Hydralisk  
  57  10:09  Overlord x2  
  57  10:24  Queen  
  57  10:25  Hydralisk  
  57  10:26  Hydralisk x3  
  67  10:29  Drone x2  
  69  10:36  Extractor  
  69  10:38  Extractor  
  67  10:46  Drone x2  
  67  10:47  Drone  
  70  10:51  Drone x2  
  70  10:52  Drone, Overlord  
  73  10:58  Evolution Chamber  
  73  11:03  Evolution Chamber  
  71  11:05  Spore Crawler  
  69  11:12  Roach  
  69  11:13  Roach x6  
  83  11:28  Drone x4  
  87  11:51  Overlord  
  89  11:59  Drone  
  89  12:00  Drone x3  
Show
View Real Time Build Order
Export as new Build Order

IIIIIIIIIIII Protoss - Winner!

Build Orders:  

Get SALT Encoding   

  12  0:01  Probe  
  13  0:14  Pylon  
  13  0:15  Probe  
  14  0:23  Probe  
  15  0:36  Forge  
  15  0:40  Probe  
  16  0:50  Pylon  
  16  0:52  Probe  
  17  1:00  Assimilator  
  17  1:09  Probe  
  18  1:16  Photon Cannon  
  18  1:23  Probe  
  19  1:38  Probe  
  19  1:47  Probe  
  19  1:51  Assimilator  
  19  1:52  Gateway  
  20  1:55  Assimilator  
  20  1:57  Probe  
  20  1:59  Photon Cannon  
  21  2:08  Probe  
  22  2:21  Probe  
  23  2:34  Probe  
  24  2:39  Cybernetics Core  
  24  2:51  Probe  
  25  2:56  Nexus  
  25  3:03  Pylon  
  25  3:17  Warp Gate  
  25  3:22  Stargate  
  25  3:23  Probe  
  26  3:34  Photon Cannon  
  26  3:36  Probe  
  26  3:40  Adept  
  29  3:48  Probe  
  30  3:50  Pylon  
  30  4:00  Probe, Phoenix  
  33  4:10  Probe  
  33  4:13  Adept  
  36  4:29  Void Ray  
  40  4:33  Probe x2  
  42  4:43  Adept  
  42  4:45  Probe x2  
  46  4:53  Pylon  
  46  4:54  Pylon  
  44  5:05  Photon Cannon  
  44  5:09  Void Ray  
  44  5:11  Shield Battery  
  44  5:17  Probe x2  
  50  5:23  Photon Cannon  
  50  5:27  Sentry  
  52  5:29  Probe x2  
  54  5:41  Probe x2  
  56  5:54  Probe x2  
  56  5:55  Void Ray  
  62  5:59  Pylon  
  62  6:02  Gateway  
  62  6:05  Gateway  
  62  6:08  Gateway  
  62  6:11  Pylon  
  62  6:17  Probe x2  
  64  6:51  Zealot  
  62  6:59  Void Ray  
  66  7:21  Zealot  
  66  7:22  Zealot x3  
  74  7:48  Zealot x2  
  76  8:05  Protoss Air Weapons Level 1  
  76  8:08  Pylon  
  76  8:10  Void Ray, Assimilator  
  78  8:13  Assimilator  
  64  8:54  Void Ray  
  60  9:00  Stalker x3  
  66  9:03  Stalker  
  68  9:42  Void Ray  
  60  9:50  Probe x2  
  62  9:56  Stargate  
  66  10:02  Probe x2, Pylon  
  66  10:04  Protoss Ground Weapons Level 1  
  66  10:06  Stalker x3  
  74  10:07  Pylon, Stalker  
  77  10:14  Probe x2  
  77  10:16  Pylon  
  77  10:21  Fleet Beacon  
  78  10:23  Stargate  
  78  10:24  Stargate  
  78  10:25  Gateway  
  78  10:26  Gateway  
  78  10:29  Gateway  
  78  10:30  Void Ray x2  
  78  10:31  Gateway  
  78  10:32  Probe x2  
  78  10:33  Gateway  
  80  10:36  Gateway  
  80  10:40  Gateway  
  88  10:44  Zealot  
  88  10:45  Zealot  
  88  10:46  Zealot x2  
  88  10:48  Probe x2  
  98  10:51  Pylon  
  98  10:54  Gateway  
  98  10:56  Gateway  
  98  10:57  Pylon  
  98  11:02  Photon Cannon  
  98  11:07  Stalker x2  
  98  11:08  Stalker x2  
  106  11:15  Probe x2  
  117  11:26  Void Ray  
  118  11:42  Zealot  
  118  11:43  Zealot x3  
  126  11:48  Pylon  
  126  11:51  Pylon  
  126  11:54  Pylon  
  124  12:02  Zealot  
  126  12:15  Stalker x2  
  124  12:16  Zealot x2  
  124  12:17  Zealot  
  124  12:18  Zealot  
Tags
 
Add a new tag
Caveats
  • Supply blocks, unpowered buildings, or Contaminate may cause inaccurate times.
  • Supply counts are checked every 10 seconds.